 Dungeon Crawl Stone Soup version 0.25.1-2-g60ff931df9 (webtiles) character file.

Game seed: 1884947991627200847

1181 Chai the Conjurer (level 8, -5/59 HPs)
             Began as a Black Draconian Conjurer on Sept 28, 2020.
             Was an Initiate of Vehumet.
             Slain by Duvessa
             ... wielding a +0 short sword
              (9 damage)
             ... on level 6 of the Dungeon.
             The game lasted 00:21:20 (8403 turns).

Chai the Conjurer (Black Draconian Conjurer)        Turns: 8403, Time: 00:21:20

Health: -5/59      AC:  8    Str: 11    XL:     8   Next: 19%
Magic:  9/15       EV: 13    Int: 18    God:    Vehumet [......]
Gold:   331        SH:  0    Dex: 11    Spells: 14/17 levels left

rFire    . . .     SeeInvis .   r - +2 quarterstaff (chaos)
rCold    . . .     Gourm    .   (shield currently unavailable)
rNeg     . . .     Faith    .   (armour unavailable)
rPois    .         Spirit   .   (helmet restricted)
rElec    +         Reflect  .   s - +1 cloak {Stlth+}
rCorr    .         Harm     .   (no gloves)
MR       .....                  (no boots)
Stlth    ++........             (no amulet)
HPRegen  0.19/turn              (no ring)
MPRegen  0.14/turn              (no ring)

@: short of breath
A: breathe lightning, unfitting armour, electricity resistance, cold-blooded, AC
+6
a: Breathe Lightning, Renounce Religion


You were on level 6 of the Dungeon.
You worshipped Vehumet.
Vehumet was noncommittal.
You were not hungry.

You visited 2 branches of the dungeon, and saw 7 of its levels.
You also visited: Sewer.

You collected 331 gold pieces.

Inventory:

Hand Weapons
 g - a +0 short sword
 p - a +1 dagger of venom
 r - a +2 quarterstaff of chaos (weapon)
 x - a +1 short sword of speed
Armour
 s - a +1 cloak of stealth (worn)
Jewellery
 j - a cursed ring of positive energy {unknown}
 y - an uncursed ring of wizardry {unknown}
Wands
 w - a wand of iceblast (11)
Scrolls
 a - 4 scrolls of teleportation {unknown}
 c - 10 scrolls of identify {unknown}
 d - 2 scrolls of random uselessness {unknown}
 h - 3 scrolls of enchant armour {unknown}
 i - 2 scrolls of enchant weapon {unknown}
 l - 4 scrolls of amnesia {unknown}
 m - 2 scrolls of remove curse {unknown}
 o - 5 scrolls of magic mapping {unknown}
 t - 2 scrolls of blinking {unknown}
 v - a scroll of fog {unknown}
Potions
 e - a potion of cancellation {unknown}
 f - 2 potions of haste {unknown}
 k - 2 potions of invisibility {unknown}
 n - 2 potions of might {unknown}
 q - 2 potions of flight {unknown}
 u - 2 potions of ambrosia {unknown}
 z - 2 potions of lignification {unknown}
 A - a potion of degeneration {unknown}
 C - a potion of curing {unknown}
 D - a potion of brilliance {unknown}
Comestibles
 b - 10 rations


   Skills:
 + Level 1.5 Fighting
 + Level 1.0 Short Blades
 + Level 2.3 Staves
 + Level 3.7 Dodging
 + Level 3.6 Stealth
 + Level 0.1 Unarmed Combat
 + Level 5.1 Spellcasting
 + Level 6.9 Conjurations


You had 14 spell levels left.
You knew the following spells:

 Your Spells              Type           Power        Failure   Level  Hunger
a - Magic Dart            Conj           ####         1%          1    None
b - Searing Ray           Conj           ####..       1%          2    #......

Your spell library contained the following spells:

 Spells                   Type           Power        Failure   Level  Hunger
 Dazzling Flash           Conj/Hex       ###...       10%         3    ##.....
 Fulminant Prism          Conj/Hex       ###.......   32%         4    ####...
 Iskenderun's Mystic Bla  Conj/Tloc      ###.....     32%         4    ####...


Dungeon Overview and Level Annotations

Branches:
Dungeon (6/15)             Temple (1/1) D:6           Sewer (visited)

Altars:
Ashenzari
Cheibriados
Dithmenos
Elyvilon
Fedhas
Gozag
Hepliaklqana
Kikubaaqudgha
Makhleb
Nemelex Xobeh
Qazlal
Ru
Sif Muna
Trog
Uskayaw
Vehumet
Wu Jian
Xom
Yredelemnul
Zin
The Shining One

Annotations:
D:6 Duvessa


Innate Abilities, Weirdness & Mutations

You can breathe wild blasts of lightning.
Your glossy black scales are hard. (AC +6)
You cannot fit into any form of body armour.
You are resistant to electric shocks. (rElec)
You are cold-blooded and may be slowed by cold attacks.


Message History

Duvessa misses you. Duvessa closely misses you.
You closely miss Duvessa.
Duvessa is severely wounded.
Duvessa hits you with a +0 short sword!
* * * LOW HITPOINT WARNING * * *
Duvessa barely misses you.
Casting: Searing Ray (safe; 1% risk of failure)
Confirm with . or Enter, or press ? or * to list all spells.
Aiming: Searing Ray (safe; 1% risk of failure)
Press: ? - help, Shift-Dir - straight line, f/p - Duvessa
Aim: Duvessa, wielding a +0 short sword and wearing a +0 leather armour (severely wounded, berserk)
The searing ray hits Duvessa.
Duvessa is severely wounded. (Press . to maintain the ray.) Duvessa hits you with a +0 short sword!
* * * LOW HITPOINT WARNING * * *
The searing ray hits Duvessa!
Duvessa is almost dead.
Duvessa hits you with a +0 short sword!
You die...

#............#
#............#
#............#
#...###......#
#..##_##.....###
#### %.####....#
...##.#.# #)e###.#
_. ##@._#.##
#..#######..###..#
#.........## ##.#
#####.##### #.#
##'# ##.# #..#
#..# #.## #.## #.#
#.# #.# #.#


You could see Duvessa (berserk).

Vanquished Creatures
  A phantom (Temple)
  A necrophage (D:5)
  An ogre (D:4)
  Dowan (D:6)
  A scorpion (D:5)
  A howler monkey (D:5)
  A crimson imp (D:6)
  4 orc priests
  A centaur zombie (D:6)
  A hound (D:4)
  Crazy Yiuf (D:3)
  5 orc wizards
  An iguana (D:6)
  2 worker ants
  4 gnolls
  11 adders
  A river rat (D:4)
  3 shadow imps
  4 oozes
  2 adder skeletons
  A worm (D:2)
  A dart slug (D:2)
  4 leopard geckos
  18 orcs
  6 ball pythons
  6 bats
  5 giant cockroaches
  2 goblins
  8 hobgoblins
  11 jackals
  13 kobolds
  A quokka (D:6)
  10 frilled lizards
  A jackal skeleton (D:4)
  A leopard gecko zombie (D:5)
  7 rats
  A plant (Sewer)
143 creatures vanquished.

Vanquished Creatures (others)
  A plant (Sewer)
1 creature vanquished.

Grand Total: 144 creatures vanquished

Notes
Turn   | Place    | Note
-------+----------+-------------------------------------------
     0 | D:1      | Chai the Draconian Conjurer began the quest for the Orb.
     0 | D:1      | Reached XP level 1. HP: 14/14 MP: 3/3
   302 | D:1      | Reached XP level 2. HP: 20/20 MP: 1/5
   413 | D:1      | Learned a level 2 spell: Searing Ray
   899 | D:1      | Reached XP level 3. HP: 26/26 MP: 3/6
  1307 | D:2      | Reached skill level 5 in Conjurations
  1711 | D:2      | Reached XP level 4. HP: 33/33 MP: 2/7
  2812 | D:3      | Found a glowing silver altar of Zin.
  2894 | D:3      | Reached XP level 5. HP: 36/38 MP: 1/9
  3063 | D:3      | Found a runed translucent door.
  3064 | D:3      | Noticed Crazy Yiuf
  3086 | D:3      | Found a stormy altar of Qazlal.
  3292 | D:3      | Killed Crazy Yiuf
  3644 | D:4      | Reached skill level 1 in Short Blades
  3761 | D:4      | Found a glowing drain.
  3765 | Sewer    | Entered a sewer
  3869 | Sewer    | Reached XP level 6. HP: 46/46 MP: 7/11
  4071 | Sewer    | Reached skill level 1 in Fighting
  4930 | D:4      | You fall into a shaft and drop 2 floors!
  4930 | D:6      | Found a sacrificial altar of Ru.
  4958 | D:5      | Entered Level 5 of the Dungeon
  5118 | D:6      | Found an ancient bone altar of Kikubaaqudgha.
  5219 | D:6      | Found a staircase to the Ecumenical Temple.
  5225 | D:6      | Reached skill level 1 in Staves
  5235 | Temple   | Entered the Ecumenical Temple
  5324 | Temple   | Reached skill level 6 in Conjurations
  5543 | D:4      | Found a burning altar of Makhleb.
  5774 | D:4      | Your scales start taking on a glossy black colour.
  5774 | D:4      | Reached XP level 7. HP: 35/52 MP: 0/13
  5774 | D:4      | Gained mutation: You are resistant to electric shocks.
                  | (rElec) [Black Draconian growth]
  6570 | D:4      | Found a sparkling altar of Nemelex Xobeh.
  6745 | D:5      | Found a white marble altar of Elyvilon.
  7016 | D:5      | Found a radiant altar of Vehumet.
  7025 | D:5      | Became a worshipper of Vehumet
  7861 | D:6      | Reached XP level 8. HP: 59/59 MP: 10/15
  7924 | D:6      | Noticed Duvessa
  7924 | D:6      | Noticed Dowan
  8149 | D:6      | Reached skill level 5 in Spellcasting
  8336 | D:6      | Found a shimmering blue altar of Sif Muna.
  8336 | D:6      | Found a faded altar of an unknown god.
  8377 | D:6      | Found a shattered altar of Ashenzari.
  8396 | D:6      | Killed Dowan
  8403 | D:6      | Slain by Duvessa

Illustrated notes

Levels and vault maps discovered:
D:1:      evilmike_arrival_home_sweet_home, layout_basic
D:2:      layout_basic, first_ration
D:3:      layout_rooms, zin_statuary, old_standard_altar,
          uniq_crazy_yiuf_cottage
D:4:      layout_loops_ring, kennysheep_little_box,
          nicolae_overflow_hidden_temple, gup_sewer_entry_bowl
D:5:      layout_loops_corners, overflow_temple_1_default,
          overflow_temple_1_default
D:6:      layout_basic, kiku_gazebo_pond_becter,
          chequers_temple_overflow_minitemple, minmay_temple_entry_statues,
          basic_altar, serial_bayou_pond_d, uniq_duvessa
Temple:   nicolae_temple_x_marks_the_god

Skill      XL: |  1  2  3  4  5  6  7  8 |
---------------+-------------------------+-----
Stealth        | 2 3 |  3.6
Conjurations   | 5 6 |  6.9
Dodging        | 2 3 |  3.7
Spellcasting   | 3 4 5 |  5.1
Short Blades   | 1 |  1.0
Fighting       | 1 |  1.5
Staves         | 1 2 |  2.3
Unarmed Combat | |  0.1

Action                   |  1- 3 |  4- 6 |  7- 9 || total
-------------------------+-------+-------+-------++-------
Melee: Unarmed           |     7 |       |       ||     7
       Tailslap          |     2 |    13 |     3 ||    18
       Short sword       |     7 |    44 |       ||    51
       Quarterstaff      |       |    33 |    48 ||    81
 Cast: Magic Dart        |    48 |    81 |    49 ||   178
       Searing Ray       |     7 |    36 |    20 ||    63
 Abil: Breathe Lightning |       |       |     3 ||     3
 Stab: Petrifying        |       |       |     2 ||     2
  Eat: Chunk             |     4 |    14 |     2 ||    20
       Ration            |       |       |     2 ||     2
Armor: Skin              |     4 |    42 |    14 ||    60
Dodge: Dodged            |    16 |   106 |    33 ||   155
